 Dungeon Crawl Stone Soup version 0.19.4-9-g45fd643 (console) character file.

1813 lanroth the Shield-Bearer (level 9, -13/66 HPs)
             Began as a Hill Orc Fighter on Feb 20, 2017.
             Was a Believer of Nemelex Xobeh.
             Mangled by an orc warrior
             ... wielding a +0 glaive
              (21 damage)
             ... on level 6 of the Dungeon.
             The game lasted 00:41:55 (6596 turns).

lanroth the Shield-Bearer (Hill Orc Fighter)        Turns: 6596, Time: 00:41:55

Health: -13/66     AC: 19    Str: 17    XL:     9   Next: 10%
Magic:  9/9        EV:  4    Int:  8    God:    Nemelex Xobeh [**....]
Gold:   118        SH: 11    Dex: 13    Spells: 0 memorised, 8 levels left

rFire  . . .     SeeInvis +     n - +3 trident (holy)
rCold  . . .     Gourm    .     C - +0 plate armour
rNeg   . . .     Faith    .     c - +1 shield
rPois  .         Spirit   .     g - +1 hat
rElec  .         Reflect  .     (no cloak)
rCorr  .         Harm     .     (no gloves)
MR     .....     Clarity  +     t - +0 pair of boots
Stlth  ..........               (no amulet)
                                v - ring of see invisible
                                s - +2 ring of protection

@: no status effects
A: molten scales 1, blurry vision 1, clarity, frail 1, slow regeneration 1, weak
1, evolution 1
a: Renounce Religion


You were on level 6 of the Dungeon.
You worshipped Nemelex Xobeh.
Nemelex Xobeh was pleased with you.
You were not hungry.

You visited 1 branch of the dungeon, and saw 6 of its levels.

You collected 205 gold pieces.
You spent 87 gold pieces at shops.

Inventory:

Hand Weapons
 a - a +0 flail
 b - a +2 fustibalus of freezing
 d - a +1 dagger of electrocution
 h - a +0 dire flail
 j - a +1 halberd
 n - a +3 trident of holy wrath (weapon)
Missiles
 l - 177 stones
 o - 12 bolts
 q - 8 sling bullets
 x - 11 javelins (quivered)
 z - 14 poisoned needles
 I - 49 arrows
Armour
 c - a +1 shield (worn)
 g - a +1 hat (worn)
 m - a cursed +0 chain mail
 t - a +0 pair of boots (worn)
 u - a +0 ring mail
 y - a +2 leather armour of fire resistance
 C - a +0 plate armour (worn)
Jewellery
 s - a +2 ring of protection (left hand)
 v - a ring of see invisible (right hand)
Wands
 k - a wand of slowing (28/48)
Scrolls
 i - a scroll of remove curse
 r - 2 scrolls of teleportation
Potions
 p - a potion of ambrosia
Miscellaneous
 e - a legendary deck of destruction {drawn: 2}
 D - a plain deck of destruction {drawn: 1}
Comestibles
 f - 3 bread rations


   Skills:
 + Level 5.5 Fighting
 + Level 5.9 Maces & Flails
 + Level 4.5 Polearms
 + Level 2.4 Throwing
 + Level 6.7 Armour
 + Level 1.1 Dodging
 + Level 0.8 Stealth
 + Level 6.9 Shields
 + Level 0.3 Invocations


You had 8 spell levels left.
You didn't know any spells.

Dungeon Overview and Level Annotations

Branches:
Dungeon (6/15)             Temple (0/1) D:5

Altars:
Ashenzari
Dithmenos
Nemelex Xobeh
Qazlal
Trog
Uskayaw
Xom
The Shining One

Shops:
D:5 *   D:6 %


Innate Abilities, Weirdness & Mutations

You are partially covered in molten scales. (AC +2)
Scrolls take you a little longer to read.
You possess an exceptional clarity of mind.
You are frail. (-10% HP)
You regenerate slowly when monsters are visible.
You are weak. (Str -2)
You evolve.


Message History

You barely miss the orc warrior.
The orc warrior is lightly wounded.
You block the orc warrior's attack.
You puncture the orc warrior!
The orc warrior is heavily wounded.
The orc warrior hits you but does no damage.
You hit the orc warrior.
The orc warrior is heavily wounded.
You block the orc warrior's attack.
You miss the orc warrior.
The orc warrior is heavily wounded.
You feel sick.
You are no longer poisoned.
The orc warrior hits you with a glaive!
* * * LOW HITPOINT WARNING * * *
Your plate armour prevents you from hitting the orc warrior.
The orc warrior is heavily wounded.
The orc warrior hits you with a glaive!!
You die...
Your body glows slightly and disappears.

############+###.# ##### ###
#.......##.....#.####...##...#
#''####.##.⌠.⌠.#...#.......... ≈≈≈..≈≈
#..).._..'.#.............
#≈≈≈..≈≈≈##.#.⌠.⌠.###...<.........############
#≈≈≈≈.≈≈≈#..#.....#......................#....
.'..≈.#...'.####'###..............##...........
#.'...#.≈..'.#.....[####.....##.................
###≈≈≈.≈≈≈≈##...................................
≈..≈≈≈#....######.....#.######.............
≈..≈≈ #...........#...#.###................
#++## ##########........##....#............
#......[))..#####........... #...........#
##.......... #...........### ###......##
###.........# ###>._8_.# ###.......###
#........# ..........# #.##.....# ..........#
#.##...### ###........# ###.##..##
#........###### #...##.## #.............#
#.####.# #......####...###.# #.#
#>.....######.....# ...
#..........##....####....
............###...........
..#..............#####.... #............##### .
###...........###### ###..............#...##
..#........<..........##
#.#....................# ###################
#.#....................# #.....#.....#.....#
###.#..........[.........# #.....#)....#..%..#
#...#.................∩.## #..#..#..#..#..#@.#
#..................#.).##
#..#..#..#..#.)#o.###'#...........############
#..#.....#.....#......#...#.....###
#..#.....#.....#......#..########
#..####################>.#
#....................)...#
#.......................##
#..###################### #..#.....#.....#
#..#.....#.....# #..#..#..#..#..#
#..#..#..#..#[.# #.....#.....#...


You could see an orc warrior.

Vanquished Creatures
  The ghost of oplop the Chiller, an amateur OpIE (D:4)
  A hippogriff (D:6)
  2 sky beasts (D:5)
  A black bear (D:6)
  A phantom (D:5)
  A centaur (D:4)
  4 bullfrogs (D:6)
  A killer bee (D:6)
  3 crimson imps
  A hound (D:6)
  2 centaur skeletons (D:5)
  A bullfrog skeleton (D:4)
  An orc priest (D:4)
  3 orc wizards
  An iguana (D:5)
  3 worker ants
  A hound zombie (D:5)
  A howler monkey skeleton (D:5)
  4 adders
  An ooze (D:3)
  2 adder skeletons (D:4)
  A worm (D:3)
  2 dart slugs
  3 leopard geckos
  10 orcs
  9 bats
  5 giant cockroaches
  7 hobgoblins
  4 jackals (D:3)
  3 quokkas
  A ball python skeleton (D:5)
  4 frilled lizards
  10 goblins
  5 kobolds
  7 rats
107 creatures vanquished.

Vanquished Creatures (collateral kills)
  An orc warrior (D:6)
  A centaur (D:6)
  A bullfrog (D:6)
3 creatures vanquished.

Grand Total: 110 creatures vanquished

Notes
Turn   | Place    | Note
-------+----------+-------------------------------------------
     0 | D:1      | lanroth the Hill Orc Fighter began the quest for the Orb.
     0 | D:1      | Reached XP level 1. HP: 19/19 MP: 1/1
   184 | D:1      | Reached XP level 2. HP: 27/27 MP: 2/2
   455 | D:1      | Reached XP level 3. HP: 28/33 MP: 3/3
   732 | D:2      | Found a glowing golden altar of the Shining One.
   988 | D:2      | Reached XP level 4. HP: 40/40 MP: 4/4
  1426 | D:3      | Gained mutation: You are frail. (-10% HP) [potion of mutation]
  1426 | D:3      | Gained mutation: You possess an exceptional clarity of mind. [potion of mutation]
  1426 | D:3      | Gained mutation: Scrolls take you a little longer to read. [potion of mutation]
  1642 | D:3      | Found a shattered altar of Ashenzari.
  1728 | D:3      | Reached XP level 5. HP: 36/41 MP: 5/5
  2102 | D:3      | Found a sparkling altar of Nemelex Xobeh.
  2106 | D:3      | Became a worshipper of Nemelex Xobeh the Trickster
  2357 | D:3      | Received a gift from Nemelex Xobeh
  2550 | D:4      | Noticed oplop's ghost (amateur OpIE)
  2996 | D:4      | Reached skill level 1 in Dodging
  3353 | D:4      | Found a stormy altar of Qazlal.
  3361 | D:4      | Reached XP level 6. HP: 46/46 MP: 6/6
  3461 | D:4      | Killed oplop's ghost
  3461 | D:4      | Reached skill level 5 in Armour
  3466 | D:5      | Entered Level 5 of the Dungeon
  3656 | D:4      | Reached XP level 7. HP: 54/54 MP: 7/7
  3659 | D:4      | Reached skill level 5 in Shields
  4026 | D:4      | Reached skill level 5 in Maces & Flails
  4511 | D:5      | Reached skill level 1 in Throwing
  4518 | D:5      | Gained mutation: Armour fits poorly on your strangely shaped body. [mutagenic meat]
  4519 | D:5      | Gained mutation: You regenerate slowly when monsters are visible. [mutagenic meat]
  4520 | D:5      | Lost mutation: Armour fits poorly on your strangely shaped body. [mutagenic meat]
  4521 | D:5      | Gained mutation: You are weak. (Str -2) [mutagenic meat]
  4528 | D:5      | Found a staircase to the Ecumenical Temple.
  4656 | D:5      | Reached * piety under Nemelex Xobeh
  4739 | D:5      | Reached XP level 8. HP: 47/60 MP: 8/8
  4923 | D:5      | Found a shadowy altar of Dithmenos.
  5056 | D:5      | Found Emoged's Assorted Antiques.
  5059 | D:5      | Bought a scroll of remove curse for 87 gold pieces
  5370 | D:5      | Received a gift from Nemelex Xobeh
  5401 | D:5      | Gained mutation: Scrolls take you longer to read. [mutagenic meat]
  5402 | D:5      | Gained mutation: You are partially covered in molten scales. (AC +2) [mutagenic meat]
  5403 | D:5      | Gained mutation: You evolve. [mutagenic meat]
  5405 | D:5      | Lost mutation: Scrolls take you longer to read. [mutagenic meat]
  5551 | D:6      | Reached skill level 5 in Fighting
  5729 | D:6      | Found a shimmering altar of Xom.
  5765 | D:6      | Reached skill level 1 in Polearms
  6129 | D:6      | Found a hide-covered altar of Uskayaw.
  6311 | D:6      | Found a bloodstained altar of Trog.
  6314 | D:6      | Reached ** piety under Nemelex Xobeh
  6364 | D:6      | Found Detz's Food Emporium.
  6570 | D:6      | Noticed a hippogriff
  6580 | D:6      | Killed a hippogriff
  6580 | D:6      | Reached XP level 9. HP: 21/66 MP: 9/9
  6596 | D:6      | Mangled by an orc warrior

Skill      XL: |  1  2  3  4  5  6  7  8 |
---------------+-------------------------+-----
Fighting       | 4 5 |  5.5
Armour         | 4 5 6 |  6.7
Maces & Flails | 3 4 5 |  5.9
Shields        | 4 5 6 |  6.9
Dodging        | 1 |  1.1
Throwing       | 2 |  2.4
Polearms       | 4 |  4.5
Stealth        | |  0.8
Invocations    | |  0.3

Action                   |  1- 3 |  4- 6 |  7- 9 || total
-------------------------+-------+-------+-------++-------
Melee: Flail             |   131 |   228 |   142 ||   501
       Trident           |       |       |    92 ||    92
       Halberd           |       |       |    69 ||    69
Throw: Stone             |     3 |    10 |     2 ||    15
       Javelin           |       |     1 |    37 ||    38
Evoke: Deck              |       |     1 |     2 ||     3
       Wand              |       |     1 |       ||     1
  Use: Potion            |       |     4 |     9 ||    13
       Scroll            |       |     4 |     5 ||     9
 Stab: Distracted        |       |       |     1 ||     1
  Eat: Chunk             |     1 |     6 |     9 ||    16
       Pizza             |       |     1 |       ||     1
       Beef jerky        |       |     1 |       ||     1
       Bread ration      |       |       |     1 ||     1
       Meat ration       |       |       |     1 ||     1
Armor: Scale mail        |    51 |    86 |       ||   137
       Plate armour      |       |    40 |   215 ||   255
Dodge: Dodged            |    37 |    49 |    41 ||   127
Block: Shield            |    66 |   128 |   123 ||   317
